 Dungeon Crawl Stone Soup version 0.23-a0-860-g8ff03fb (webtiles) character file.

30 Amnesiac the Cutter (level 3, -16/23 HPs)
             Began as a Tengu Fighter on Jan 28, 2019.
             Demolished by an ogre
             ... wielding a +0 giant club
              (24 damage)
             ... on level 2 of the Dungeon.
             The game lasted 00:01:23 (435 turns).

Amnesiac the Cutter (Tengu Fighter)                  Turns: 435, Time: 00:01:24

Health: -16/23     AC:  6    Str: 17    XL:     3   Next: 20%
Magic:  4/4        EV:  7    Int:  8    God:
Gold:   19         SH:  9    Dex: 13    Spells: 2/2 levels left

rFire    . . .     SeeInvis .   a - +0 rapier
rCold    . . .     Gourm    .   c - +0 shield
rNeg     . . .     Faith    .   b - +0 scale mail
rPois    .         Spirit   .   (helmet restricted)
rElec    .         Reflect  .   (no cloak)
rCorr    .         Harm     .   (no gloves)
MR       .....                  (boots unavailable)
Stlth    ..........             (no amulet)
HPRegen  0.07/turn              (no ring)
MPRegen  0.09/turn              (no ring)

@: no status effects
A: beak, talons 3
a: no special abilities


You were on level 2 of the Dungeon.
You were not hungry.

You visited 1 branch of the dungeon, and saw 2 of its levels.

You collected 19 gold pieces.

Inventory:

Hand Weapons
 a - a +0 rapier (weapon)
Armour
 b - a +0 scale mail (worn)
 c - a +0 shield (worn)
 e - a +0 pair of gloves
Scrolls
 h - a scroll of remove curse {!r, unknown}
 j - a scroll of noise {!r, unknown}
Potions
 d - a potion of might {!q}
 i - a potion of invisibility {!q, unknown}
Comestibles
 f - 2 rations
 g - 5 chunks of flesh


   Skills:
 - Level 3.0 Fighting
 + Level 3.9 Short Blades
 - Level 3.2 Armour
 - Level 3.0 Shields


You had 2 spell levels left.
You didn't know any spells.
Your spell library was empty.

Dungeon Overview and Level Annotations

Branches:
Dungeon (2/15)

Altars:


Innate Abilities, Weirdness & Mutations

You have a beak for a mouth.
You have claws for feet.


Message History

No target in view!
No target in view!
No target in view!
No target in view!
No target in view!
No target in view!
Things that are here:
a +0 club; a hand axe A dart slug comes into view.
A dart slug is nearby!
A dart slug is nearby!
You puncture the dart slug! You claw the dart slug.
You kill the dart slug!
No target in view!
No target in view!
No target in view!
No target in view!
No target in view!
No target in view!
No target in view!
No target in view!
No target in view!
No target in view!
No target in view!
No target in view!
No target in view!
No target in view!
No target in view!
Found 6 gold pieces.
Things that are here:
a +0 short sword; 3 stones An ogre comes into view.
It is wielding a +0 giant club.
An ogre is nearby!
An ogre is nearby!
An ogre is nearby!
An ogre is nearby!
An ogre is nearby!
An ogre is nearby!
An ogre is nearby!
An ogre is nearby!
An ogre is nearby!
An ogre is nearby!
An ogre is nearby!
An ogre is nearby!
An ogre is nearby!
An ogre is nearby!
An ogre is nearby!
An ogre is nearby!
Your shield and scale mail prevent you from hitting the ogre.
The ogre hits you with a +0 giant club!
Ouch! That really hurt!
* * * LOW HITPOINT WARNING * * *
Found a stone staircase leading up.
You see here a stone.
Some of the chunks of flesh in your inventory have rotted away.
Found a scroll labeled YNAUVOR KIMARHO.
Sorry, you're not good enough to have a special ability.
There is a stone staircase leading up here.
A worm comes into view.
There is a stone staircase leading up here.
Some of the chunks of flesh in your inventory have rotted away.
The ogre hits you with a +0 giant club!!
Ouch! That really hurt!
You die...

#.####.....#..#.##.# #
#.#..#.....#.......
.#....#.....#.....#
....###..........#
#............#..#
#..#####.#......#
#<...w.......#.##
##.###w####..#.#(#.#
...........O@..<....#
......##.####.#.#.######
...............)#.......
...^.#.......)....#####
......................#
######........###.##.....
#........# #.# ....
.........# #.# ..
$.......# #.#


You could see an ogre and a worm.

Vanquished Creatures
  A gnoll (D:1)
  A dart slug (D:2)
  A leopard gecko (D:1)
  2 bats (D:1)
  3 goblins (D:1)
  3 hobgoblins
  2 kobolds
  2 frilled lizards (D:1)
  2 rats (D:1)
17 creatures vanquished.

Notes
Turn   | Place    | Note
-------+----------+-------------------------------------------
     0 | D:1      | Amnesiac the Tengu Fighter began the quest for the Orb.
     0 | D:1      | Reached XP level 1. HP: 14/14 MP: 2/2
   214 | D:1      | Reached XP level 2. HP: 11/19 MP: 3/3
   317 | D:1      | Reached XP level 3. HP: 15/23 MP: 4/4
   382 | D:2      | Noticed an ogre
   435 | D:2      | Demolished by an ogre

Vault maps used:
D:1:      roderic_octagonal_star, corexii_item_surrounded_by_moat,
          minmay_indecisive_spiral

Skill      XL: |  1  2 |
---------------+-------+-----
Short Blades   | 3 |  3.9
Fighting       | |  3.0
Armour         | |  3.2
Shields        | |  3.0

Action                   || total
-------------------------++-------
Melee: Rapier            ||    43
       Kick              ||    12
       Peck              ||     2
Armor: Scale mail        ||    26
Dodge: Dodged            ||    13
Block: Shield            ||    21

Table legend:
 A = Non-vault XP
 B = Vault XP
 C = Vault XP percentage of total XP
 D = Non-vault monster count
 E = Vault monster count
 F = Vault count percentage of total count
                 A         B        C        D         E       F
            +---------+---------+-------+---------+---------+-------
      Total |      24 |      20 |  45.5 |      13 |       4 |  23.5
            +---------+---------+-------+---------+---------+-------
        D:1 |      16 |      20 |  55.6 |      10 |       4 |  28.6
        D:2 |       8 |       0 |   0.0 |       3 |       0 |   0.0
            +---------+---------+-------+---------+---------+-------
